 Dungeon Crawl Stone Soup version 0.13-a0-3016-gcb2faac (webtiles) character file.

836 Sachiko the Chopper (level 7, 0/60 HPs)
             Began as a Lava Orc Fighter on Sept 10, 2013.
             Slain by an orc
             ... wielding a +0,+5 orcish mace
              (11 damage)
             ... on Level 4 of the Dungeon.
             The game lasted 00:15:32 (3682 turns).

Sachiko the Chopper (Lava Orc Fighter)              Turns: 3682, Time: 00:15:33

HP   0/60        AC 12     Str 19      XL: 7   Next: 26%
MP   6/6         EV  7     Int  8      God:
Gold 194         SH 21     Dex 12      Spells:  0 memorised,  6 levels left

Res.Fire  : + . .   See Invis. : .   a - +0 orc hand axe {=f}
Res.Cold  : . . .   Warding    : .   b - +1 orc scale mail
Life Prot.: . . .   Conserve   : .   c - +0 orc shield
Res.Poison: .       Res.Corr.  : +   (no helmet)
Res.Elec. : .       Clarity    : .   (no cloak)
Sust.Abil.: . .     Spirit.Shd : .   (no gloves)
Res.Mut.  : .       Stasis     : .   (no boots)
Res.Rott. : .       Flight     : .   e - amulet of resist corrosion {unknown}
Saprovore : + . .                    (no ring)
                                     (no ring)

@: slightly resistant to hostile enchantments, extremely unstealthy
A: blurry vision 1, conserve scrolls, saprovore 1, slow healing 1, slow
metabolism 1
a: no special abilities


You were on level 4 of the Dungeon.
You were not hungry.

You visited 1 branch of the dungeon, and saw 4 of its levels.

You collected 174 gold pieces.

Inventory:

Hand weapons
 a - a +0,+0 orcish hand axe (weapon) {=f}
 f - a -1,+0 orcish hand axe (quivered)
Armour
 b - a +1 orcish scale mail (worn)
 c - a +0 orcish shield (worn)
Magical devices
 l - a wand of hasting (6)
 m - a wand of fireball (7)
Comestibles
 d - 4 meat rations
 g - 2 bread rations
 j - 8 strawberries
 k - 2 apricots
Scrolls
 i - a scroll of fog
 n - 3 scrolls of teleportation
 p - a scroll of identify {unknown}
Jewellery
 e - an amulet of resist corrosion (around neck) {unknown}
 h - an uncursed ring of ice
 o - an uncursed ring of sustain abilities {unknown}


   Skills:
 + Level 5.0 Fighting
 * Level 5.9 Axes
 + Level 5.4 Armour
 + Level 5.6 Shields


You had 6 spell levels left.
You didn't know any spells.

Dungeon Overview and Level Annotations

Branches:
Dungeon (4/27)
 Temple: D:4-7

Altars:
Fedhas
Nemelex Xobeh
the Shining One

Annotations:
D:3 exclusion: oklob plant


Innate Abilities, Weirdness & Mutations

You have stony skin.
You cover ground slowly.
Your flesh is heat resistant.
Your flesh is vulnerable to cold.
Your heat harms attackers.
You bathe your surroundings in blazing heat.
You are too hot to use scrolls.
You are very good at protecting items from fire.
You can tolerate rotten meat.
Your vision is a little blurry.
You heal slowly.
You have a slow metabolism.


Message History

Found a scroll labeled GEIP ODDEI {tried on +1 orcish scale mail}.
An orc comes into view. It is wielding an orcish trident.
The orc throws a dart.
The dart misses you.
You see here a dart.
Your skin cools and hardens.
The orc throws a dart.
The dart misses you.
You aren't carrying any potions.
Unknown command.
The orc throws a dart.
The dart misses you.
An orc comes into view. It is wielding an orcish mace.
The orc shouts!
The orc moves out of view. 2 orcs come into view.
The orc shouts!
The orc throws a dart.
You block the dart.
A hobgoblin and an orc come into view.
The orc shouts!
The hobgoblin shouts!
The orc hits you but does no damage.
The orc moves out of view.
The orc hits you with an orcish mace!
You die...

#......##........
#............O.).
#......#O###.....
.###......#.#
#.#### .o.......#.#
#.##.. ##?......#.#
#.##.. #........#.#
#.##..
#........#.###.##..
#.@....(O.......'..
#oo#######.....##..
.go..# ##########
....##.# ######
###.
#.########....# #
#.............####
#................#
#................#
#................#


You could see an ogre, 4 orcs and a hobgoblin.

Vanquished Creatures
  2 ogres (D:4)
  Blork the orc (D:4)
  A jelly (D:4)
  2 big fish (D:3)
  2 orc wizards (D:3)
  2 worker ants (D:4)
  Jessica (D:2)
  4 adders
  4 gnolls (D:4)
  5 worms
  3 giant geckos
  An ooze (D:2)
  13 orcs (D:3)
  11 bats
  8 giant cockroaches
  10 goblins
  8 hobgoblins
  10 jackals
  6 giant newts
  A hobgoblin zombie (D:3)
  10 kobolds
  10 rats
115 creatures vanquished.

Notes
Turn   | Place    | Note
--------------------------------------------------------------
     0 | D:1      | Sachiko, the Lava Orc Fighter, began the quest for the Orb.
     0 | D:1      | Reached XP level 1. HP: 19/19 MP: 0/0
    91 | D:1      | Reached skill level 4 in Fighting
   112 | D:1      | Reached XP level 2. HP: 19/27 MP: 1/1
   493 | D:1      | Reached XP level 3. HP: 33/33 MP: 2/2
  1115 | D:2      | Noticed Jessica
  1130 | D:2      | Killed Jessica
  1130 | D:2      | Reached XP level 4. HP: 27/40 MP: 3/3
  1455 | D:2      | Found a glowing golden altar of the Shining One.
  1669 | D:3      | Found a blossoming altar of Fedhas.
  1685 | D:3      | Reached XP level 5. HP: 33/46 MP: 4/4
  1704 | D:3      | Noticed an oklob plant
  2439 | D:3      | Reached skill level 5 in Shields
  2447 | D:3      | Reached XP level 6. HP: 43/53 MP: 5/5
  2731 | D:4      | Found a sparkling altar of Nemelex Xobeh.
  2795 | D:4      | Reached skill level 5 in Axes
  3150 | D:4      | Noticed Blork the orc
  3192 | D:4      | Killed Blork the orc
  3192 | D:4      | Reached skill level 5 in Armour
  3192 | D:4      | HP: 2/53 [giant cockroach (2)]
  3342 | D:4      | Reached XP level 7. HP: 21/60 MP: 6/6
  3538 | D:4      | Paralysed by a potion of paralysis for 5 turns
  3543 | D:4      | Gained mutation: You have a slow metabolism. [potion of mutation]
  3543 | D:4      | Gained mutation: Your vision is a little blurry. [potion of mutation]
  3543 | D:4      | Gained mutation: You heal slowly. [potion of mutation]
  3655 | D:4      | Reached skill level 5 in Fighting
  3682 | D:4      | Slain by an orc

Action                   |  1- 3 |  4- 6 |  7- 9 || total
-------------------------+-------+-------+-------++-------
Melee: Hand axe          |   155 |   230 |    42 ||   427
Evoke: Wand              |       |     1 |       ||     1
  Use: Potion            |     2 |     5 |     2 ||     9
       Scroll            |     5 |     6 |     1 ||    12
